 Dungeon Crawl Stone Soup version 0.30.1-4-g462c640d31 (webtiles) character file.

Game seed: 3564648599554999612

50 Zeor the Gusty (level 3, -1/20 HPs)
             Began as a Tengu Air Elementalist on Aug 20, 2023.
             Slain by Sigmund
             ... wielding a +0 scythe
              (9 damage)
             ... on level 2 of the Dungeon.
             The game lasted 00:05:16 (1863 turns).

Zeor the Gusty (Tengu Air Elementalist)             Turns: 1863, Time: 00:05:16

Health: -1/20      AC:  3    Str:  7    XL:     3   Next: 79%
Magic:  5/7        EV: 12    Int: 16    God:
Gold:   70         SH:  0    Dex: 18    Spells: 0/6 levels left

rFire   . . .        h - +0 dagger
rCold   . . .        (no shield)
rNeg    . . .        i - +0 leather armour
rPois   .            (helmet restricted)
rElec   .            (no cloak)
rCorr   .            (no gloves)
SInv    .            (boots unavailable)
Will    .....        (no amulet)
Stlth   ++           (no ring)
HPRegen 0.23/turn    (no ring)
MPRegen 0.10/turn

%: no passive effects
@: attractive, very slightly contaminated, hasted, very quick
A: beak, talons 3, agile 1
a: no special abilities


You were on level 2 of the Dungeon.
You visited 1 branch of the dungeon, and saw 2 of its levels.

You collected 70 gold pieces.

Inventory:

Hand Weapons
 h - a +0 dagger (weapon)
Armour
 i - a +0 leather armour (worn)
Scrolls
 e - a scroll of teleportation
Potions
 b - 2 potions of magic
 d - a potion of ambrosia
 g - a potion of brilliance {unknown}


   Skills:
 * Level 0.9 Fighting
 + Level 2.5 Dodging
 + Level 2.1 Stealth
 + Level 2.4 Spellcasting
 + Level 2.1 Conjurations
 + Level 4.8 Air Magic


You couldn't memorise any spells.
You knew the following spells:

 Your Spells              Type           Power      Damage    Failure   Level
d - Static Discharge      Conj/Air       26%        2-4/arc   11%         2
f - Swiftness             Air            17%        N/A       12%         3
s - Shock                 Conj/Air       52%        1d6       7%          1

Your spell library contained the following spells:

 Spells                   Type           Power      Damage    Failure   Level
 Apportation              Tloc           2%         N/A       30%         1
 Beastly Appendage        Tmut           2%         N/A       30%         1
 Necrotise                Necr           4%         1d4       30%         1
 Summon Small Mammal      Summ           4%         N/A       30%         1
 Airstrike                Air            8%         2d(2-18)  38%         4
 Wereblood                Tmut           1%         N/A       41%         2
 Spider Form              Tmut/Pois      1%         N/A       65%         3


Dungeon Overview and Level Annotations

Branches:
Dungeon (2/15)

Altars:

Annotations:
D:2 Sigmund


Innate Abilities, Weirdness & Mutations

You have a beak for a mouth.
You have claws for feet.
You are agile. (Dex +4, Str/Int -1)


Message History

You continue putting on your +0 leather armour. x5
You finish putting on your +0 leather armour.
You drop a +0 robe.
You pick up a book of Changes and begin reading...
You add the spells Beastly Appendage, Wereblood and Spider Form to your library.
a - a bubbling puce potion As you open the door, it creaks loudly!
Found 5 stones.
There is an open door here.
You open the door.
Sigmund the Dreaded comes into view.
He is wielding a +0 scythe.
There is an open door here.
Sigmund hits you with a +0 scythe.
You closely miss Sigmund. Your kick misses Sigmund.
Casting: Static Discharge (safe; 10% risk of failure)
Confirm with . or Enter, or press ? or * to list all spells.
You miscast Static Discharge.
You are very lightly contaminated with residual magic.
Nothing appears to happen.
Sigmund closely misses you.
You closely miss Sigmund. You claw Sigmund. You peck Sigmund, but do no damage.
Sigmund is lightly wounded.
Sigmund laughs darkly.
Sigmund barely misses you.
Unknown command.
It was a potion of haste.
You feel yourself speed up.
You closely miss Sigmund. Your kick misses Sigmund.
Sigmund is lightly wounded.
Sigmund hits you with a +0 scythe!
You hit Sigmund. Your kick misses Sigmund. You peck Sigmund, but do no damage.
Sigmund is lightly wounded.
You closely miss Sigmund. Your kick misses Sigmund. Your peck misses Sigmund.
Sigmund is lightly wounded.
Sigmund points at you and mumbles some strange words.
You resist with significant effort.
It was a potion of mutation.
You feel extremely strange.
You feel agile.
It was a potion of attraction.
You feel attractive to monsters. Sigmund hits you with a +0 scythe!
You die...

▒∙∙∙∙∙∙∙▒▒ ▒∙▒▒∙∙∙
▒▒▒▒▒∙▒▒▒ ▒∙▒▒∙∙▒
▒∙▒ ▒ ▒∙∙∙∙∙∙ ▒▒'▒▒
∙▒ ▒▒▒▒∙▒∙ ▒▒∙∙∙▒▒
∙▒ ▒∙∙∙ ▒▒∙∙∙∙∙▒▒
▒▒▒∙▒▒ ▒∙▒▒
▒∙∙∙∙∙∙∙▒▒▒∙∙∙∙▒▒
▒∙∙∙
▒∙∙∙∙∙∙∙∙∙▒▒∙∙▒∙∙▒▒▒
▒▒▒▒▒▒∙


■∙∙∙∙∙∙∙∙∙'∙Q∙∙∙∙∙∙∙ ∙∙∙∙∙∙∙∙ ▒∙∙∙∙∙∙∙(∙▒▒▒@∙∙∙▒▒▒ ▒▒▒▒▒▒▒∙ ▒▒∙∙∙∙∙∙∙▒▒ ∙▒∙▒▒
▒▒▒▒ ▒▒∙∙∙∙∙▒▒ ∙▒ ▒ ▒∙∙∙ ▒▒∙∙∙▒▒ ∙▒ ▒∙▒▒ ▒▒■▒ ∙▒ ▒∙▒ ∙▒ ▒∙▒ ∙▒ ▒∙▒ ▒∙▒ You could
see Sigmund.

Vanquished Creatures
  An adder (D:2)
  3 ball pythons (D:1)
  7 endoplasms
  2 giant cockroaches (D:1)
  4 hobgoblins
  3 jackals (D:1)
  A kobold (D:2)
  3 bats
  3 frilled lizards (D:1)
  4 goblins
  7 rats
38 creatures vanquished.

Notes
Turn   | Place    | Note
-------+----------+-------------------------------------------
     0 | D:1      | Zeor the Tengu Air Elementalist began the quest for the
                  | Orb.
     0 | D:1      | Reached XP level 1. HP: 10/10 MP: 4/4
    97 | D:1      | Reached XP level 2. HP: 15/15 MP: 0/6
   330 | D:1      | Learned a level 2 spell: Static Discharge
   333 | D:1      | Found a faded altar of an unknown god.
   743 | D:1      | Reached XP level 3. HP: 20/20 MP: 3/7
  1479 | D:2      | Learned a level 3 spell: Swiftness
  1851 | D:2      | Noticed Sigmund
  1862 | D:2      | Gained mutation: You are agile. (Dex +4, Str/Int -1)
                  | [potion of mutation]
  1863 | D:2      | Slain by Sigmund

Illustrated notes

Levels and vault maps discovered:
D:1:      scummos_arrival_forest, layout_basic,
          hellmonk_ecumenical_altar_run_dry
D:2:      layout_loops_corners, uniq_crazy_yiuf_cottage, uniq_terence,
          uniq_sigmund

Skill      XL: |  1  2  3 |
---------------+----------+-----
Conjurations   | 2 |  2.1
Fighting       | |  0.9
Dodging        | |  2.5
Stealth        | |  2.1
Spellcasting   | |  2.4
Air Magic      | |  4.8

Action                     || total
---------------------------++-------
  Melee: Unarmed           ||    14
         Kick              ||    11
         Peck              ||     5
         Punch             ||     1
         Dagger            ||    14
   Cast: Shock             ||    52
         Static Discharge  ||     2
    Use: Scroll            ||     6
         Potion            ||     3
   Stab: Sleeping          ||     2
 Armour: Robe              ||     8
  Dodge: Dodged            ||    15
